 Dungeon Crawl Stone Soup version 0.30-a0-1116-gebefce21f7 (webtiles) character file.

Game seed: 8853725374999810515

1563 ragingrage the Slicer (level 8, -15/54 HPs)
             Began as an Octopode Brigand on Apr 21, 2023.
             Was an Initiate of Gozag.
             Killed from afar by a steam dragon (24 damage)
             ... with a ball of steam
             ... on level 6 of the Dungeon.
             The game lasted 00:09:21 (7753 turns).

ragingrage the Slicer (Octopode Brigand)            Turns: 7753, Time: 00:09:21

Health: -15/54     AC:  1    Str: 10    XL:     8   Next: 89%
Magic:  8/8        EV: 14    Int: 19    God:    Gozag
Gold:   821        SH:  0    Dex: 22    Spells: 3/7 levels left

rFire   . . .      SeeInvis .    b - +0 hand crossbow
rCold   . . .      Faith    .    (no shield)
rNeg    . . .      Spirit   .    (helmet restricted)
rPois   .          Reflect  .    (no amulet)
rElec   .          Rampage  .    n - +6 ring of intelligence
rCorr   .                        o - +6 ring of dexterity
Will    .....                    (no ring)
Stlth   ++++                     (no ring)
HPRegen 0.29/turn                (no ring)
MPRegen 0.11/turn                (no ring)
                                 (no ring)
                                 (no ring)

@: no status effects
A: almost no armour, amphibious, 8 rings, camouflage 1, gelatinous body 1,
(nimble swimmer 1), tentacles
a: Renounce Religion, Potion Petition, Call Merchant, Bribe Branch


You were on level 6 of the Dungeon.
You worshipped Gozag.
Gozag was pleased with you.
You visited 1 branch of the dungeon, and saw 6 of its levels.

You collected 1041 gold pieces.
You spent 220 gold pieces at shops.

Inventory:

Hand Weapons
 a - a +2 dagger
 b - a +0 hand crossbow (weapon)
 G - a +4 long sword
Missiles
 c - a curare-tipped dart
 v - 5 javelins
 x - 2 throwing nets
 y - 11 poisoned darts
 z - a boomerang of dispersal
Jewellery
 n - a +6 ring of intelligence (left tentacle)
 o - a +6 ring of dexterity (right tentacle)
Wands
 l - a wand of polymorph (3)
 s - a wand of flame (12)
 t - a wand of iceblast (5)
Scrolls
 e - 6 scrolls of identify {unknown}
 g - 2 scrolls of teleportation
 h - a scroll of noise {unknown}
 i - a scroll of brand weapon {unknown}
 j - 2 scrolls of blinking
 k - 5 scrolls of vulnerability {unknown}
 m - 2 scrolls of enchant weapon {unknown}
 q - a scroll of magic mapping {unknown}
 u - a scroll of poison {unknown}
 w - a scroll of immolation {unknown}
 D - a scroll of silence {unknown}
Potions
 d - 4 potions of curing {unknown}
 f - 4 potions of degeneration {unknown}
 p - 5 potions of might {unknown}
 r - 2 potions of attraction {unknown}
 A - a potion of mutation {unknown}
 B - 2 potions of brilliance {unknown}
 C - 2 potions of heal wounds {unknown}
 E - a potion of haste {unknown}


   Skills:
 - Level 4.0 Fighting
 - Level 8.2 Short Blades
 + Level 5.2 Ranged Weapons
 - Level 2.0 Throwing
 + Level 2.6 Dodging
 - Level 5.3 Stealth
 - Level 1.8 Air Magic


You had 3 spell levels left.
You knew the following spells:

 Your Spells              Type           Power      Damage    Failure   Level
a - Airstrike             Air            3%         2d(1-17)  67%         4

Your spell library contained the following spells:

 Spells                   Type           Power      Damage    Failure   Level
 Static Discharge         Conj/Air       6%         2-3/arc   22%         2
 Cigotuvi's Dreadful Rot  Necr/Pois/Air  4%         N/A       24%         2
 Sublimation of Blood     Necr           0%         N/A       30%         2
 Wereblood                Tmut           0%         N/A       30%         2
 Summon Lightning Spire   Summ/Air       3%         N/A       80%         4
 Dispel Undead            Necr           0%         3d6       90%         4
 Death Channel            Necr           0%         N/A       100%        6
 Summon Hydra             Summ           0%         N/A       100%        7


Dungeon Overview and Level Annotations

Branches:
Dungeon (6/15)
 Temple: D:4-7

Altars:
Gozag
Hepliaklqana

Shops:
D:1 ?   D:4 (

Annotations:
D:2 exclusions: hobgoblin and 1 more exclusion, Ijyb, Robin
D:3 Sigmund
D:4 exclusions: goblin, iguana, scorpion and 1 more exclusion
D:6 exclusions: wraith and 2 more exclusions


Innate Abilities, Weirdness & Mutations

You cannot wear most types of armour.
You are amphibious.
You can wear up to eight rings at the same time.
Your skin changes colour to match your surroundings (Stealth+).
Your rubbery body absorbs attacks. (AC +1, EV +1)
((You are camouflaged when in or above water. (Stealth+)))
You have tentacles for arms and can constrict up to eight enemies at once.


Message History

b - a +0 hand crossbow (weapon)
There is an escape hatch in the ceiling here.
u - a scroll labelled JIDGHY ORARON You enter the shallow water.
You enter the shallow water.
Found a stone staircase leading down.
C - 2 glowing grey potions (gained 1)
There is an escape hatch in the floor here.
Things that are here:
a +0 flail; a +0 chain mail You see here a +0 club.
Things that are here:
a +0 robe; a +1 morningstar
Things that are here:
a +0 robe; a +4 flail A steam dragon comes into view.
Aiming: Polymorph
Aim: a steam dragon (wandering, hasn't noticed you, will become an acid dragon, a killer bee, or a swamp drake, chance to affect: 49%)
Okay, then.
Fire: b) +0 hand crossbow
Aim: a steam dragon (wandering, hasn't noticed you, 68% to hit)
You shoot a bolt. The steam dragon hisses angrily.
The bolt hits the steam dragon!
Fire: b) +0 hand crossbow
Aim: a steam dragon (heavily wounded, 68% to hit)
You shoot a bolt. The bolt hits the steam dragon!
The steam dragon breathes steam at you. The ball of steam hits you!!
Ouch! That really hurt!
Fire: b) +0 hand crossbow
Aim: a steam dragon (steam, severely wounded, 68% to hit)
You shoot a bolt.
The bolt hits the steam dragon but does no damage.
You are engulfed in a cloud of scalding steam.
* * * LOW HITPOINT WARNING * * *
The steam dragon breathes steam at you. The ball of steam hits you!!
You die...
Your body crumbles into a pile of gold.

##...### ##......).##....##
.......###........###.....## #
.................###...#...## #
..#.............####...##...## ##
..######........# #...####...###.
..# ##...##...###..## #.......
~.## ##....##...D##..#####.......
...###....####..§.....##......##.
..~.#.....# #..@§§§.........###.
..........# ##...§..........# #.
.........## ###...§.§........####
######...####...#....#####....# #
# ##...##...###...# ##...###
##......## #...# #....#. #.....##
##..## #...... ##...## #...##
#...... #...## #....####......


You could see a steam dragon (catching breath).

Vanquished Creatures
  Eustachio (D:4)
  A sky beast (D:6)
  A phantom (D:5)
  3 scorpions
  9 wights
  2 hounds
  2 orc priests (D:6)
  2 gnoll boudas (D:6)
  2 iguanas
  A sleepcap (D:4)
  Natasha (thrice) (D:3)
  Terence (D:2)
  8 gnolls
  6 adders
  A shadow imp (D:6)
  A white imp (D:5)
  An ufetubus (D:5)
  A worm (D:3)
  A dart slug (D:2)
  22 orcs
  5 ball pythons
  9 endoplasms
  2 giant cockroaches (D:1)
  7 goblins (D:2)
  7 hobgoblins
  2 jackals (D:3)
  3 kobolds
  4 quokkas
  3 training dummies (D:4)
  8 bats
  A frilled lizard (D:3)
  4 rats
124 creatures vanquished.

Notes
Turn   | Place    | Note
-------+----------+-------------------------------------------
     0 | D:1      | ragingrage the Octopode Brigand began the quest for the
                  | Orb.
     0 | D:1      | Reached XP level 1. HP: 14/14 MP: 1/1
    46 | D:1      | Found a faded altar of an unknown god.
    74 | D:1      | Prayed at the altar of an unknown god.
    74 | D:1      | Became a worshipper of Gozag Ym Sagoz the Greedy
   324 | D:1      | Reached XP level 2. HP: 19/19 MP: 2/2
   467 | D:1      | Reached skill level 3 in Short Blades
   511 | D:1      | Found Cafroig's Magic Scroll Emporium.
   516 | D:1      | Bought a scroll of blinking for 97 gold pieces
  1154 | D:2      | Noticed Robin
  1215 | D:2      | Reached XP level 3. HP: 24/24 MP: 3/3
  1268 | D:2      | Noticed Terence
  1271 | D:2      | Killed Terence
  1272 | D:2      | Reached skill level 4 in Short Blades
  1363 | D:2      | Reached XP level 4. HP: 29/29 MP: 4/4
  1719 | D:2      | Noticed Ijyb
  1800 | D:1      | Bought a scroll of teleportation for 39 gold pieces
  1917 | D:3      | Noticed Natasha
  1924 | D:3      | Killed Natasha
  1925 | D:3      | Reached skill level 5 in Short Blades
  1978 | D:3      | Reached XP level 5. HP: 30/34 MP: 5/5
  2002 | D:3      | Noticed Sigmund
  2622 | D:3      | Noticed Natasha
  2661 | D:3      | Killed Natasha
  2768 | D:3      | Noticed Natasha
  2780 | D:3      | Killed Natasha
  3113 | D:2      | Reached skill level 6 in Short Blades
  3120 | D:2      | Reached XP level 6. HP: 37/39 MP: 6/6
  3727 | D:4      | Noticed Eustachio
  3738 | D:4      | Killed Eustachio
  3739 | D:4      | Reached skill level 7 in Short Blades
  3739 | D:4      | Reached XP level 7. HP: 14/46 MP: 7/7
  3861 | D:4      | Learned a level 4 spell: Airstrike
  4024 | D:4      | Found Heh Risk's Firing Range.
  4116 | D:4      | Bought a throwing net for 39 gold pieces
  4116 | D:4      | Bought a +0 hand crossbow for 45 gold pieces
  4214 | D:4      | Reached skill level 1 in Air Magic
  4351 | D:5      | Entered Level 5 of the Dungeon
  4764 | D:5      | Found a hazy altar of Hepliaklqana.
  5512 | D:5      | Reached skill level 8 in Short Blades
  5798 | D:5      | Reached XP level 8. HP: 52/52 MP: 8/8
  5866 | D:6      | Reached skill level 1 in Ranged Weapons
  6119 | D:6      | Identified the +0 leather armour of Focus {rPois Int+4
                  | Slay-6}
  6588 | D:6      | Paralysed by a gnoll bouda for 2 turns
  6725 | D:6      | Noticed a wraith
  6974 | D:6      | Reached skill level 5 in Ranged Weapons
  7753 | D:6      | Killed from afar by a steam dragon

Illustrated notes

Levels and vault maps discovered:
D:1:      dpeg_arrival_central, layout_basic, serial_shops, shop,
          hellmonk_ecumenical_altar_pennies_from_heaven, serial_forest,
          infiniplex_forest_lined_room_2, infiniplex_forest_lined_1,
          infiniplex_forest_lined_2, infiniplex_forest_lined_room_2,
          infiniplex_forest_end_3, infiniplex_forest_clump_medium
D:2:      kennysheep_the_goblin_king, layout_basic,
          amcnicky_mini_corridor_feature, uniq_terence, uniq_robin
D:3:      layout_loops_ring, uniq_sigmund, uniq_ijyb, uniq_natasha
D:4:      layout_cave_pools, nicolae_shop_firing_range, uniq_eustachio
D:5:      layout_gridville, kennysheep_diamond
D:6:      layout_layer_cave, serial_rivers, chequers_serial_rivers_large_b,
          chequers_serial_rivers_micro_c, chequers_serial_rivers_micro_c,
          chequers_serial_rivers_micro_c, chequers_serial_rivers_marsh

Skill      XL: |  1  2  3  4  5  6  7  8 |
---------------+-------------------------+-----
Short Blades   | 3 4 5 6 7 8 |  8.2
Fighting       | 3 4 |  4.0
Air Magic      | 1 |  1.8
Ranged Weapons | 5 |  5.2
Dodging        | 2 |  2.6
Throwing       | |  2.0
Stealth        | |  5.3

Action                     |  1- 3 |  4- 6 |  7- 9 || total
---------------------------+-------+-------+-------++-------
  Melee: Dagger            |    39 |   117 |    75 ||   231
         Tentacles         |     4 |    35 |    25 ||    64
         Constrict         |     6 |    26 |    18 ||    50
         Punch             |       |     2 |     1 ||     3
   Fire: Hand crossbow     |       |       |    81 ||    81
  Throw: Dart              |       |     5 |     4 ||     9
   Stab: Sleeping          |    11 |     8 |     4 ||    23
         Distracted        |       |     2 |     1 ||     3
 Armour: Skin              |     5 |     2 |       ||     7
  Dodge: Dodged            |    11 |    51 |    24 ||    86

Table legend: (Time is in decaauts)
 A = Elapsed time spent in this place.
 B = Non-inter-level travel time spent in this place.
 C = Inter-level travel time spent in this place.
 D = Time resting spent in this place.
 E = Time spent auto-exploring this place.
 F = Levels seen in this place.
 G = Mean time per level.
                   A        B        C        D        E       F      G
               +--------+--------+--------+--------+--------+-----+--------+
         Total |   7749 |   7437 |    312 |   2507 |   3517 |   6 | 1291.5 |
       Dungeon |   7749 |   7437 |    312 |   2507 |   3517 |   6 | 1291.5 |
               +--------+--------+--------+--------+--------+-----+--------+

Top non-repeatable levels by time:
     D:6: 1890 daAuts
     D:5: 1531 daAuts
     D:3: 1439 daAuts
     D:1: 1172 daAuts
     D:4: 933 daAuts
     D:2: 782 daAuts
